AoeStats
← cristophersanmartinabello

Arena

506413723Analyzed
2v2 RM · 18d ago on Sep 13, 2026· 64m 15s· 4 players
Game mode
Random Map
Map size
Medium (4 player)
Population
200
Speed
Normal
Resources
Standard
Victory
Conquest
Starting age
Dark Age
Ending age
Imperial Age
RankedLock teamsTeams togetherTeam positionsShared explorationLock speedFull tech treeHidden civsTurbo modeCheats
Victory
Defeat
🇵🇪 Saracens · Peru
988
+13
🇬🇷 Bulgarians · Greece
912
+17
🇨🇱 Britons · Chile
1017
-19
840
-27
masaoutis
4:22 Loom
11:10 Feudal Age
17:16 Castle Age
15:22 Double-Bit Axe
18:17 Horse Collar
19:07 Heavy Plow
30:23 Elite Skirmisher
35:51 Imperial Age
33:49 Fletching
34:10 Forging
34:06 Scale Barding Armor
35:04 Bodkin Arrow
37:20 Husbandry
37:32 Bloodlines
38:33 Gold Mining
38:34 Stone Mining
39:44 Light Cavalry
41:26 Chain Barding Armor
41:08 Scale Mail Armor
41:04 Hussar
42:31 Conscription
45:34 Bow Saw
46:53 Plate Barding Armor
46:54 Iron Casting
51:26 Squires
51:12 Gambesons
53:10 Chain Mail Armor
53:56 Blast Furnace
56:26 Bracer
58:11 Gold Shaft Mining
RaskWarrioR
10:32 Feudal Age
12:14 Loom
16:19 Castle Age
15:47 Double-Bit Axe
16:25 Horse Collar
21:09 Bow Saw
28:01 Padded Archer Armor
32:25 Fletching
33:54 Gold Mining
34:05 Heavy Plow
38:53 Imperial Age
38:23 Gold Shaft Mining
38:24 Wheelbarrow
39:43 Stone Mining
40:01 Elite Skirmisher
41:30 Thumb Ring
42:30 Scale Barding Armor
43:03 Bodkin Arrow
43:24 Leather Archer Armor
44:30 Pikeman
47:58 Two-Man Saw
47:20 Chain Barding Armor
48:02 Hand Cart
47:58 Bracer
48:21 Ballistics
49:08 Husbandry
49:18 Bloodlines
48:29 Heavy Camel Rider
48:35 Heavy Camel Rider
48:36 Light Cavalry
50:32 Caravan
51:43 Plate Barding Armor
52:47 Forging
54:00 Ring Archer Armor
54:32 Chemistry
55:41 Squires
55:27 Arson
56:32 Iron Casting
55:19 Hussar
58:07 Blast Furnace
57:04 Capped Ram
57:59 Siege Ram
I´L PLF
11:02 Feudal Age
9:20 Loom
14:50 Castle Age
13:15 Double-Bit Axe
13:27 Horse Collar
14:42 Fletching
16:33 Wheelbarrow
20:45 Bow Saw
22:04 Bodkin Arrow
25:23 Ballistics
32:13 Imperial Age
30:53 Masonry
31:29 Yeomen
31:35 Yeomen
31:01 Treadmill Crane
33:33 Bracer
34:24 Siege Engineers
35:21 Heavy Plow
36:05 Padded Archer Armor
36:45 Conscription
37:14 Fortified Wall
38:49 Leather Archer Armor
41:10 Chemistry
48:19 Pikeman
49:00 Squires
50:44 Scale Mail Armor
50:57 Forging
52:19 Two-Man Saw
53:21 Chain Mail Armor
55:30 Halberdier
cristophersanmartinabello
9:32 Wheelbarrow
13:24 Feudal Age
14:20 Wheelbarrow
16:13 Town Watch
16:14 Loom
20:50 Horse Collar
22:08 Forging
21:59 Scale Mail Armor
22:04 Scale Barding Armor
21:59 Padded Archer Armor
27:04 Castle Age
26:19 Hand Cart
28:05 Husbandry
30:10 Cavalier
46:31 Iron Casting
46:12 Chain Mail Armor
46:17 Chain Barding Armor
45:48 Fletching
46:15 Leather Archer Armor
53:08 Imperial Age
61:27 Paladin
Connection lost

Rejoining the realm…

Still unreachable

The connection could not be restored.

Session expired

The server has moved on; the page needs a fresh start.